 Dungeon Crawl Stone Soup version 0.32-a0-996-gb3226c233f (webtiles) character file.

Game seed: 16970202955645044866

1 Esekla the Firebug (level 1, 0/13 HPs)
             Began as a Demonspawn Wanderer on Apr 23, 2024.
             Constricted to death by a ball python (2 damage)
             ... on level 1 of the Dungeon.
             The game lasted 00:01:02 (17 turns).

Esekla the Firebug (Demonspawn Wanderer)              Turns: 17, Time: 00:01:02

Health: 0/13       AC:  6    Str: 11    XL:     1   Next: 16%
Magic:  2/2        EV: -2    Int: 15    God:
Gold:   0          SH:  0    Dex: 10    Spells: 2/2 levels left

rFire   . . .        a - +0 club
rCold   . . .        (no shield)
rNeg    . . .        c - +0 scale mail
rPois   .            (no helmet)
rElec   .            (no cloak)
rCorr   .            (no gloves)
SInv    .            (no boots)
Will    .....        (no amulet) Stlth
                     (no ring)
HPRegen 0.22/turn    (no ring)
MPRegen 0.08/turn

%: no passive effects
@: constricted
A: no striking features
a: no special abilities


You were on level 1 of the Dungeon.
You visited 1 branch of the dungeon, and saw 1 of its levels.

Inventory:

Hand Weapons
 a - a +0 club (weapon)
Armour
 c - a +0 scale mail (worn)
Potions
 b - a potion of lignification


   Skills:
 - Level 1.7 Armour
 * Level 1.0 Spellcasting
 + Level 4.5 Fire Magic
 * Level 1.7 Ice Magic


You had 2 spell levels left.
You didn't know any spells.
Your spell library contained the following spells:

 Spells                   Type           Power      Damage    Failure   Level
 Scorch                   Fire           28%        2d6       34%         2
 Foxfire                  Conj/Fire      28%        2x1d5     50%         1
 Freeze                   Ice            24%        1d4       56%         1
 Frozen Ramparts          Ice            12%        1d2       91%         3
 Flame Wave               Conj/Fire      7%         2d5       99%         4


Dungeon Overview and Level Annotations

Branches:
Dungeon (1/15)

Altars:


Message History

A kobold comes into view. It is wielding a +0 dagger.
The kobold shouts!
The kobold moves out of view.
A ball python comes into view.
The ball python hisses angrily.
The ball python moves out of view.
There is an open door here.
Found 3 boomerangs.
There is an open door here.
You closely miss the kobold. The kobold hits you but does no damage.
You barely miss the kobold. The kobold hits you but does no damage.
You hit the kobold.
The kobold is severely wounded.
The kobold hits you but does no damage. The kobold hits you with a +0 dagger.
You closely miss the kobold.
The kobold is severely wounded.
The kobold hits you but does no damage.
You hit the kobold.
You kill the kobold!
The ball python bites you but does no damage.
You barely miss the ball python. The ball python barely misses you.
The ball python grabs you. The ball python constricts you.
You barely miss the ball python.
The ball python bites you but does no damage.
The ball python constricts you. The ball python bites you.
The ball python constricts you.
You barely miss the ball python.
The ball python bites you but does no damage.
The ball python constricts you. The ball python bites you.
The ball python constricts you.
You hit the ball python.
The ball python is heavily wounded.
The ball python bites you. The ball python constricts you.
You closely miss the ball python.
The ball python is heavily wounded.
The ball python bites you. The ball python constricts you.
The ball python bites you.
* * * LOW HITPOINT WARNING * * *
The ball python constricts you.
You die...

... .. .. #. .
.. .. ..# #. .#
..##. .# .(.#.#
..
#+##...##....
##♣.♣##........
+..<.@S..#.....
##~~~##........
#PPP#.........
#####..#......
##.#.#....
#.#.#.... #.#.#
... ..


You could see a ball python.

Vanquished Creatures
  A kobold (D:1)
1 creature vanquished.

Notes
Turn   | Place    | Note
-------+----------+-------------------------------------------
     0 | D:1      | Esekla the Demonspawn Wanderer began the quest for the Orb.
     0 | D:1      | Esekla set off with the following items: a +0 club, a
                  | potion of lignification, a +0 scale mail; and the following
                  | spells available to memorise: Scorch, Foxfire, Freeze,
                  | Frozen Ramparts, Flame Wave.
     0 | D:1      | Reached XP level 1. HP: 13/13 MP: 2/2
    17 | D:1      | Constricted to death by a ball python

Illustrated notes

Levels and vault maps discovered:
D:1:      tarquinn_simple_flora_water_e, layout_rooms

Action                     || total
---------------------------++-------
  Melee: Club              ||    10
 Armour: Scale mail        ||    21
  Dodge: Dodged            ||     1

Table legend: (Time is in decaauts)
 A = Elapsed time spent in this place.
 B = Non-inter-level travel time spent in this place.
 C = Inter-level travel time spent in this place.
 D = Time resting spent in this place.
 E = Time spent auto-exploring this place.
 F = Levels seen in this place.
 G = Mean time per level.
                   A        B        C        D        E       F      G
               +--------+--------+--------+--------+--------+-----+--------+
         Total |     19 |     19 |      0 |      0 |      0 |   1 |   19.0 |
       Dungeon |     19 |     19 |      0 |      0 |      0 |   1 |   19.0 |
               +--------+--------+--------+--------+--------+-----+--------+

Top non-repeatable levels by time:
     D:1: 19 daAuts
